AoeStats
← [Marty]TheEY

Pilgrims

509171519Analyzed
4v4 RM · 7d ago on Sep 25, 2026· 29m 24s· 8 players
Game mode
Random Map
Map size
Large (8 player)
Population
200
Speed
Normal
Resources
Standard
Victory
Conquest
Starting age
Dark Age
Ending age
Imperial Age
RankedLock teamsTeams togetherTeam positionsShared explorationLock speedFull tech treeHidden civsTurbo modeCheats
Victory
Defeat
🇲🇽 Spanish · Mexico
1563
+17
🇭🇰 Italians · Hong Kong SAR China
1531
+18
🇭🇰 Teutons · Hong Kong SAR China
1522
+18
🇭🇰 Portuguese · Hong Kong SAR China
1443
+21
🇺🇸 Goths · United States
1636
-21
🇩🇪 Aztecs · Germany
1561
-18
🇧🇪 Danes · Belgium
1550
-18
🇩🇪 Japanese · Germany
1537
-17
Xololo
4:16 Loom
13:25 Feudal Age
13:44 Man-at-Arms
14:40 Town Watch
14:46 Double-Bit Axe
18:43 Forging
22:04 Wheelbarrow
21:32 Scale Mail Armor
25:50 Castle Age
25:15 Fletching
25:54 Horse Collar
26:52 Bodkin Arrow
27:15 Chain Mail Armor
27:52 Bow Saw
27:23 Pikeman
29:17 Ballistics
Malice
6:14 Loom
10:05 Feudal Age
14:44 Castle Age
13:56 Double-Bit Axe
17:39 Forging
21:28 Scale Mail Armor
21:47 Bow Saw
24:22 Scale Mail Armor
26:00 Arson
29:17 Wheelbarrow
Benni
4:40 Loom
8:43 Loom
13:25 Feudal Age
20:20 Castle Age
18:31 Double-Bit Axe
19:33 Forging
22:05 Bow Saw
18 on berries
9:07 Loom
13:10 Feudal Age
17:45 Castle Age
15:50 Double-Bit Axe
15:46 Horse Collar
16:52 Fishing Lines
18:51 Bow Saw
21:52 Town Watch
22:42 Wheelbarrow
22:22 Gillnets
27:55 Demolition Ship
Ferpo
3:50 Loom
10:40 Feudal Age
14:22 Castle Age
12:25 Fishing Lines
13:03 Fletching
13:32 Double-Bit Axe
15:16 Medium Warships
14:58 Gillnets
17:35 Bow Saw
22:29 Horse Collar
25:04 Bloodlines
30:24 Imperial Age
29:04 Wheelbarrow
28:38 Husbandry
29:18 Scale Barding Armor
29:31 Forging
phlui1122
6:36 Loom
14:51 Feudal Age
19:28 Castle Age
18:32 Double-Bit Axe
happy伯
7:36 Loom
11:04 Feudal Age
11:40 Double-Bit Axe
12:17 Fishing Lines
13:52 Town Watch
14:51 Fletching
23:58 Castle Age
22:55 Scale Barding Armor
24:26 Bloodlines
24:27 Forging
24:51 Medium Warships
24:37 Bodkin Arrow
28:53 Wheelbarrow
[Marty]TheEY
10:47 Feudal Age
10:50 Loom
12:23 Fishing Lines
14:50 Castle Age
12:59 Double-Bit Axe
15:05 Gold Mining
15:52 Medium Warships
18:16 Loom
19:26 Stone Mining
21:27 Careening
21:36 Clinker Construction
26:44 Imperial Age
25:13 Ballistics
24:44 Fletching
25:34 Bodkin Arrow
27:18 Wheelbarrow
27:34 Bracer
27:43 Town Watch
29:00 Bow Saw
28:32 Horse Collar
29:09 Padded Archer Armor
30:35 Chemistry
Connection lost

Rejoining the realm…

Still unreachable

The connection could not be restored.

Session expired

The server has moved on; the page needs a fresh start.